 Dungeon Crawl Stone Soup version 0.17.1-3-g152610e (webtiles) character file.

57 Zetta the Gusty (level 4, 0/24 HPs)
             Began as a Tengu Air Elementalist on Feb 18, 2016.
             Slain by Ijyb
             ... wielding a +0 dagger
              (4 damage)
             ... on level 2 of the Dungeon.
             The game lasted 00:18:39 (2719 turns).

Zetta the Gusty (Tengu Air Elementalist)            Turns: 2719, Time: 00:18:40

Health: 0/24       AC:  2    Str:  8    XL:     4   Next: 0%
Magic:  7/9        EV: 12    Int: 17    God:
Gold:   39         SH:  0    Dex: 14    Spells: 3 memorised, 3 levels left

rFire  . . .     SeeInvis .     l - +0 spear
rCold  . . .     Clarity  +     a - +0 robe
rNeg   . . .     SustAt   .     (no shield)
rPois  .         Gourm    .     (helmet restricted)
rElec  .         Spirit   .     (no cloak)
rCorr  .         Warding  .     (no gloves)
rMut   .         Stasis   .     (boots unavailable)
MR     .....                    g - amulet of clarity
Stlth  ++........               (no ring)
                                (no ring)

@: swift, repel missiles, quick, not resistant to hostile enchantments,
unstealthy
A: beak, talons 3
a: no special abilities


You were on level 2 of the Dungeon.
You were not hungry.

You visited 1 branch of the dungeon, and saw 3 of its levels.

You collected 39 gold pieces.

Inventory:

Hand Weapons
 l - a +0 spear (weapon)
Armour
 a - a +0 robe (worn)
Jewellery
 g - an amulet of clarity (around neck)
Scrolls
 j - a scroll of recharging {unknown}
 k - 2 scrolls of amnesia {unknown}
 m - a scroll of identify
Potions
 d - a potion of cure mutation {unknown}
 h - a potion of flight
Books
 b - a book of Air

   Spells                             Type                      Level
   a - Shock                          Conjuration/Air              1
   b - Swiftness                      Charms/Air                   2
   c - Repel Missiles                 Charms/Air                   2
   d - Static Discharge               Conjuration/Air              3
   e - Lightning Bolt                 Conjuration/Air              5
Comestibles
 c - 2 chunks of flesh
 f - a meat ration


   Skills:
 - Level 2.1 Dodging
 - Level 2.0 Stealth
 * Level 2.8 Spellcasting
 + Level 3.0 Conjurations
 + Level 4.7 Air Magic


You had 3 spell levels left.
You knew the following spells:

 Your Spells              Type           Power        Failure   Level  Hunger
a - Shock                 Conj/Air       ###.         3%          1    #......
b - Repel Missiles        Chrm/Air       ##....       12%         2    ##.....
c - Swiftness             Chrm/Air       ##......     12%         2    ##.....


Dungeon Overview and Level Annotations

Branches:
Dungeon (3/15)

Altars:

Annotations:
D:2 Ijyb


Innate Abilities, Weirdness & Mutations

You have a beak for a mouth.
You have claws for feet.


Message History

You climb downwards.
A bat and a kobold come into view.
Found four items.
Found a stone staircase leading up.
There is a stone staircase leading up here.
Ijyb hits you but does no damage. Ijyb barely misses you.
There is a stone staircase leading up here.
You can't go down here!
Casting: Shock
Confirm with . or Enter, or press ? or * to list all spells.
You don't know that spell.
Unknown command.
Ijyb hits you but does no damage.
You climb upwards.
Found a stone staircase leading down.
There is a stone staircase leading down here.
Casting: Shock
Confirm with . or Enter, or press ? or * to list all spells.
You feel quick. Ijyb hits you with a dagger.
You die...

...#####(####
#.# ...# #.#
#.... ####
#.# #..#. #.#
#..# #.# #..#
# #.# #..#.#
#.######..#.#
......>.g.#
.......@#
..####.## #.
.. ##. #. ##


You could see Ijyb (inner flame).

Vanquished Creatures
  2 adders (D:2)
  An ooze (D:1)
  A giant cockroach (D:1)
  3 goblins (D:1)
  7 hobgoblins
  3 jackals (D:1)
  2 bats
  2 giant newts (D:1)
  10 kobolds
  3 rats (D:1)
34 creatures vanquished.

Notes
Turn   | Place    | Note
--------------------------------------------------------------
     0 | D:1      | Zetta the Tengu Air Elementalist began the quest for the Orb.
     0 | D:1      | Reached XP level 1. HP: 10/10 MP: 4/4
   243 | D:1      | Reached XP level 2. HP: 12/15 MP: 1/6
   335 | D:1      | Learned a level 2 spell: Repel Missiles
   338 | D:1      | Learned a level 2 spell: Swiftness
  1254 | D:1      | Reached XP level 3. HP: 17/19 MP: 0/7
  1830 | D:2      | Noticed Ijyb
  2693 | D:2      | Reached XP level 4. HP: 8/24 MP: 6/9
  2719 | D:2      | Slain by Ijyb

Action                   |  1- 3 |  4- 6 || total
-------------------------+-------+-------++-------
Melee: Spear             |     5 |       ||     5
 Cast: Shock             |    74 |     1 ||    75
       Swiftness         |     5 |     1 ||     6
       Repel Missiles    |     1 |       ||     1
  Use: Scroll            |     4 |     1 ||     5
       Potion            |     1 |       ||     1
 Stab: Sleeping          |     1 |       ||     1
  Eat: Bread ration      |     2 |       ||     2
       Chunk             |     1 |       ||     1
